 Dungeon Crawl Stone Soup version 0.29.1-13-g9f3cf754e1 (webtiles) character file.

Game seed: 13669979371602607027

1360 hbarley the Cleaver (level 8, -6/71 HPs)
             Began as a Hill Orc Fighter on Jan 30, 2023.
             Was a Believer of Elyvilon.
             Mangled by an orc warrior
             ... wielding a +0 vorpal war axe
              (17 damage)
             ... on level 6 of the Dungeon.
             The game lasted 00:22:51 (7017 turns).

hbarley the Cleaver (Hill Orc Fighter)              Turns: 7017, Time: 00:22:52

Health: -6/71      AC:  8    Str: 19    XL:     8   Next: 64%
Magic:  8/8        EV: 25    Int:  8    God:    Elyvilon [**....]
Gold:   338        SH:  5    Dex: 12    Spells: 7/7 levels left

rFire   + + .      SeeInvis .   a - +0 war axe
rCold   . . .      Faith    .   c - +0 buckler
rNeg    . . .      Spirit   .   b - +0 scale mail
rPois   +          Reflect  .   (no helmet)
rElec   .          Harm     .   (no cloak)
rCorr   +          Rampage  .   k - +0 pair of gloves
Will    .....                   (no boots)
Stlth   ..........              q - amulet of Ymikou {Acrobat rPois rF+ rCorr}
HPRegen 0.21/turn               h - ring of protection from fire
MPRegen 0.11/turn               (no ring)

@: acrobatic
A: no striking features
a: Renounce Religion, Purification, Heal Other


You were on level 6 of the Dungeon.
You worshipped Elyvilon.
Elyvilon was pleased with you.
You visited 2 branches of the dungeon, and saw 7 of its levels.

You collected 338 gold pieces.

Inventory:

Hand Weapons
 a - a +0 war axe (weapon)
Armour
 b - a +0 scale mail (worn)
 c - a +0 buckler (worn)
 k - a +0 pair of gloves (worn)
 r - a +0 pair of gloves
Jewellery
 h - a ring of protection from fire (left hand)
 q - the amulet of Ymikou (around neck) {Acrobat rPois rF+ rCorr}
   (You found it on level 2 of the Dungeon)

   [amulet of the acrobat]

   It increases your evasion while moving and waiting.
   rF:        It protects you from fire.
   rPois:     It protects you from poison.
   rCorr:     It protects you from acid and corrosion.
 u - a +6 ring of intelligence
 w - an amulet of faith
Wands
 f - a wand of polymorph (6)
Scrolls
 e - 5 scrolls of identify
 g - 2 scrolls of fear
 j - a scroll of amnesia
 m - a scroll of enchant armour
 n - a scroll of torment {unknown}
 o - a scroll of immolation {unknown}
 p - 2 scrolls of teleportation {unknown}
 t - a scroll of silence {unknown}
 v - 3 scrolls of enchant weapon {unknown}
 x - a scroll of poison {unknown}
Potions
 d - a potion of haste {unknown}
 i - 4 potions of curing
 l - a potion of mutation {unknown}
 s - a potion of attraction


   Skills:
 + Level 6.4 Fighting
 + Level 9.2 Axes
 + Level 5.6 Armour
 + Level 2.1 Dodging
 + Level 0.5 Stealth
 + Level 4.7 Shields
 + Level 1.7 Unarmed Combat


You had 7 spell levels left.
You didn't know any spells.
Your spell library contained the following spells:

 Spells                   Type           Power      Damage    Failure   Level
 Freeze                   Ice            0%         1d3       85%         1
 Static Discharge         Conj/Air       0%         3-3/arc   94%         2
 Frozen Ramparts          Ice            0%         1d1       99%         3
 Dispel Undead            Necr           0%         3d6       100%        4
 Hailstorm                Conj/Ice       0%         3d3       100%        4
 Sticky Flame             Conj/Fire      0%         2d3       100%        4


Dungeon Overview and Level Annotations

Branches:
Dungeon (6/15)             Temple (1/1) D:4

Altars:
Ashenzari
Cheibriados
Dithmenos
Elyvilon
Fedhas
Hepliaklqana
Kikubaaqudgha
Makhleb
Nemelex Xobeh
Okawaru
Qazlal
Ru
Sif Muna
Trog
Uskayaw
Vehumet
Wu Jian
Xom
Yredelemnul
Zin
The Shining One

Shops:
D:3 :

Annotations:
D:5 1 runed translucent door, Crazy Yiuf


Message History

You hit the orc but do no damage. The orc closely misses you.
You hear an angry hiss.
You closely miss the orc. You block the orc's attack. The orc misses you.
You slash the orc!
You kill the orc!
Things that are here:
a +0 short sword; a +0 leather armour An iguana, 3 frilled lizards, an orc warrior and 2 orcs come into view.
The orc warrior is wielding a +0 vorpal war axe.
The iguana hisses angrily.
The orc warrior shouts!
The orc shouts!
A frilled lizard comes into view. x3
The iguana moves out of view.
The frilled lizard moves out of view.
You hit the orc warrior but do no damage.
A frilled lizard comes into view.
The orc warrior hits you with a +0 vorpal war axe!
You barely miss the orc warrior.
The orc warrior attacks as you move away!
The orc warrior hits you with a +0 vorpal war axe!
The orc attacks as you move away! The orc hits you but does no damage.
Things that are here:
a +0 short sword; a +0 leather armour You hit the orc warrior.
The orc warrior is lightly wounded.
The orc warrior hits you with a +0 vorpal war axe!
You hit the orc warrior.
The orc warrior is lightly wounded.
The orc warrior barely misses you.
You barely miss the orc warrior.
The orc warrior is lightly wounded.
The orc warrior hits you with a +0 vorpal war axe!
You closely miss the orc warrior.
The orc warrior is lightly wounded.
The orc warrior hits you with a +0 vorpal war axe!
* * * LOW HITPOINT WARNING * * *
x2 You feel better.
The orc warrior hits you with a +0 vorpal war axe!
* * * LOW HITPOINT WARNING * * *
x2 The orc warrior attacks as you move away!
The orc warrior hits you with a +0 vorpal war axe!
You die...

######## #.lloo.#
#.####@# #. #.# #. #.#
#l #.# ll ###.# o.
#.#.#
..##)#.###############
#..#...............#
###..###############.#


You could see an orc warrior, an iguana, an orc and a frilled lizard.

Vanquished Creatures
  Prince Ribbit (D:5)
  Grinder (D:5)
  Eustachio (D:5)
  Menkaure (D:4)
  An ice beast (D:6)
  An ogre (D:4)
  A centaur (D:5)
  2 hounds
  A gnoll bouda (D:5)
  2 orc priests
  Ijyb (D:4)
  An orc wizard (D:3)
  8 gnolls
  4 adders
  2 white imps (D:5)
  A worm (D:5)
  2 dart slugs (D:5)
  16 orcs
  6 ball pythons
  4 bats
  6 endoplasms
  2 giant cockroaches
  11 goblins
  6 hobgoblins
  9 jackals
  8 kobolds
  5 quokkas
  3 frilled lizards
  5 rats
112 creatures vanquished.

Vanquished Creatures (others)
  A demonic plant (D:1)
  4 plants (D:6)
5 creatures vanquished.

Grand Total: 117 creatures vanquished

Notes
Turn   | Place    | Note
-------+----------+-------------------------------------------
     0 | D:1      | hbarley the Hill Orc Fighter began the quest for the Orb.
     0 | D:1      | Reached XP level 1. HP: 19/19 MP: 1/1
   174 | D:1      | Reached XP level 2. HP: 27/27 MP: 2/2
   201 | D:1      | Reached skill level 3 in Axes
   740 | D:1      | Found a faded altar of an unknown god.
   740 | D:1      | Noticed a chaos spawn
   765 | D:2      | Reached XP level 3. HP: 31/33 MP: 3/3
   917 | D:2      | You fall into a shaft and drop 1 floor!
   996 | D:3      | Reached skill level 4 in Axes
   996 | D:3      | Reached XP level 4. HP: 23/40 MP: 4/4
  1898 | D:3      | HP: 2/41 [gnoll/+2 spear of freezing (2)]
  1900 | D:3      | Reached XP level 5. HP: 2/47 MP: 5/5
  1906 | D:3      | HP: 2/47 [gnoll/+0 spear (3)]
  2320 | D:3      | Found Vyocoga's Book Emporium.
  2340 | D:3      | Reached skill level 5 in Axes
  2549 | D:3      | Found a blossoming altar of Fedhas.
  3030 | D:2      | Found an ancient bone altar of Kikubaaqudgha.
  3268 | D:2      | Identified the amulet of Ymikou {Acrobat rPois rF+ rCorr}
  3719 | D:4      | Noticed Menkaure
  3950 | D:4      | Noticed Ijyb
  3966 | D:4      | Killed Ijyb
  3967 | D:4      | Reached skill level 5 in Fighting
  3967 | D:4      | Reached XP level 6. HP: 54/56 MP: 6/6
  3981 | D:4      | Reached skill level 1 in Dodging
  3986 | D:4      | Found a staircase to the Ecumenical Temple.
  4114 | Temple   | Entered the Ecumenical Temple
  4194 | Temple   | Became a worshipper of Elyvilon the Healer
  4278 | D:4      | Noticed Grinder
  4299 | D:5      | Entered Level 5 of the Dungeon
  4456 | D:4      | Paralysed by Grinder for 4 turns
  4475 | D:5      | Paralysed by Grinder for 2 turns
  4485 | D:5      | Paralysed by Grinder for 5 turns
  4496 | D:5      | Paralysed by Grinder for 2 turns
  4501 | D:5      | Paralysed by Grinder for 4 turns
  4506 | D:5      | Killed Grinder
  4507 | D:5      | Reached skill level 6 in Axes
  4507 | D:5      | Reached skill level 1 in Unarmed Combat
  4507 | D:5      | Reached XP level 7. HP: 6/61 MP: 7/7
  4785 | D:4      | Killed Menkaure
  4834 | D:4      | Reached skill level 7 in Axes
  5144 | D:5      | Reached skill level 5 in Armour
  5388 | D:5      | Noticed Eustachio
  5536 | D:5      | Killed Eustachio
  5537 | D:5      | Reached skill level 8 in Axes
  5537 | D:5      | Reached XP level 8. HP: 70/70 MP: 8/8
  5668 | D:5      | Reached * piety under Elyvilon
  5837 | D:5      | Noticed Prince Ribbit
  5848 | D:5      | Killed Prince Ribbit
  6213 | D:5      | Found a runed translucent door.
  6214 | D:5      | Noticed Crazy Yiuf
  6388 | D:5      | Reached ** piety under Elyvilon
  6461 | D:5      | Reached skill level 9 in Axes
  7017 | D:6      | Mangled by an orc warrior

Illustrated notes

Levels and vault maps discovered:
D:1:      wheals_arrival_shading, layout_basic,
          dreamdust_ecumenical_altar_sealed_demon,
          chequers_serial_rivers_room_a, minmay_misc_feat_secret_circle,
          dk_noncrumbling_2
D:2:      kennysheep_six_static_rooms, layout_basic, basic_altar
D:3:      layout_loops_corners, fedhas_altar_4, serial_shops, shop
D:4:      layout_cave_pools, temple_fountains, uniq_menkaure, uniq_ijyb,
          uniq_grinder
D:5:      layout_loops_corners, chequers_serial_rivers_large_b, uniq_eustachio,
          uniq_prince_ribbit1, uniq_crazy_yiuf_cottage
D:6:      layout_basic, minmay_lizard_king, uniq_edmund
Temple:   hellmonk_temple_of_storms

Skill      XL: |  1  2  3  4  5  6  7  8 |
---------------+-------------------------+-----
Axes           | 3 4 5 6 8 9 |  9.2
Fighting       | 4 5 6 |  6.4
Armour         | 4 5 |  5.6
Dodging        | 1 2 |  2.1
Shields        | 4 |  4.7
Unarmed Combat | 1 |  1.7
Stealth        | |  0.5

Action                   |  1- 3 |  4- 6 |  7- 9 || total
-------------------------+-------+-------+-------++-------
Melee: War axe           |    71 |   183 |   148 ||   402
       Unarmed           |       |    12 |       ||    12
  Use: Scroll            |       |     4 |       ||     4
       Potion            |       |     5 |     2 ||     7
Armor: Scale mail        |    32 |    70 |    50 ||   152
       Skin              |       |     2 |       ||     2
Dodge: Dodged            |    31 |    94 |    69 ||   194
Block: Buckler           |    14 |    38 |    35 ||    87
